 Dungeon Crawl Stone Soup version 0.20-a0-731-gecde0bf (webtiles) character file.

60 Laphicet the Covered (level 4, -1/31 HPs)
             Began as a Halfling Fighter on Feb 22, 2017.
             Slain by a gnoll
             ... wielding a +0 spear
              (4 damage)
             ... on level 3 of the Dungeon.
             The game lasted 00:02:38 (2065 turns).

Laphicet the Covered (Halfling Fighter)             Turns: 2065, Time: 00:02:39

Health: -1/31      AC:  7    Str: 17    XL:     4   Next: 24%
Magic:  4/4        EV:  9    Int:  7    God:
Gold:   123        SH:  9    Dex: 13    Spells: 3/3 levels left

rFire    . . .     SeeInvis .   a - +0 long sword
rCold    . . .     Gourm    .   b - +0 scale mail
rNeg     . . .     Faith    .   c - +0 shield
rPois    .         Spirit   .   (no helmet)
rElec    .         Reflect  .   (no cloak)
rCorr    .         Harm     .   (no gloves)
MR       .....                  (no boots)
Stlth    ..........             (no amulet)
Regen    0.1/turn               (no ring)
MPRegen  0.1/turn               (no ring)

@: no status effects
A: mutation resistance 1
a: no special abilities


You were on level 3 of the Dungeon.
You were not hungry.

You visited 1 branch of the dungeon, and saw 3 of its levels.

You collected 123 gold pieces.

Inventory:

Hand Weapons
 a - a +0 long sword (weapon)
Armour
 b - a +0 scale mail (worn)
 c - a +0 shield (worn)
Jewellery
 j - an uncursed amulet of regeneration {unknown}
Wands
 t - a wand of confusion (25/48)
Scrolls
 e - a scroll of enchant weapon {unknown}
 h - a scroll of enchant armour {unknown}
 i - a scroll of random uselessness {unknown}
 m - a scroll of magic mapping {unknown}
 n - a scroll of identify {unknown}
 o - 2 scrolls of teleportation
 s - a scroll of remove curse {unknown}
Potions
 d - a potion of might
 l - a potion of haste {unknown}
 p - a potion of berserk rage {unknown}
 q - a potion of ambrosia {unknown}
 r - a potion of lignification {unknown}
Comestibles
 f - 2 bread rations
 g - a chunk of flesh
 k - 2 royal jellies


   Skills:
 + Level 3.1 Fighting
 + Level 2.4 Long Blades
 + Level 3.9 Armour
 + Level 1.2 Dodging
 + Level 3.7 Shields


You had 3 spell levels left.
You didn't know any spells.

Dungeon Overview and Level Annotations

Branches:
Dungeon (3/15)

Altars:
Kikubaaqudgha
Zin


Innate Abilities, Weirdness & Mutations

You are small and have problems with some larger weapons.
You are somewhat resistant to further mutation.


Message History

No target in view!
There is an escape hatch in the ceiling here.
You now have 123 gold pieces (gained 6). 2 gnolls come into view.
The gnoll shouts!
Found 17 arrows.
A gnoll comes into view. It is wielding a spear.
The gnoll shouts!
The gnoll hits you from afar with a spear.
There are monsters nearby!
The gnoll hits you with a spear.
You closely miss the gnoll. The gnoll barely misses you.
You block the gnoll's attack. The gnoll hits you with a spear.
Unknown command.
The gnoll hits you with a flail!
* * * LOW HITPOINT WARNING * * *
The gnoll hits you from afar with a spear.
* * * LOW HITPOINT WARNING * * *
The gnoll hits you from afar with a spear.
You die...

.#.### ..... ###########
#.#.## .##^....... #....
###......... #...#
..'.........##...# ##
###..<..........g###....
###.....#.#......gg..(.#
..........####.#@####..#
#.##.#########.#.#
......#........#.#
#.#####.#.####.#.#
#.......#...####..
######.........#.#
.................#
.....#.##)####...#
.......)(..# .....


You could see 3 gnolls.

Vanquished Creatures
  An adder (D:2)
  A worm (D:2)
  A dart slug (D:1)
  A leopard gecko (D:2)
  4 bats
  3 giant cockroaches
  7 goblins
  3 hobgoblins
  5 jackals (D:2)
  4 kobolds
  A quokka (D:2)
  2 frilled lizards (D:2)
  10 rats
43 creatures vanquished.

Notes
Turn   | Place    | Note
-------+----------+-------------------------------------------
     0 | D:1      | Laphicet the Halfling Fighter began the quest for the Orb.
     0 | D:1      | Reached XP level 1. HP: 15/15 MP: 1/1
   264 | D:1      | Reached XP level 2. HP: 20/20 MP: 2/2
  1192 | D:2      | Reached XP level 3. HP: 25/25 MP: 3/3
  1252 | D:2      | Found an ancient bone altar of Kikubaaqudgha.
  1530 | D:2      | Reached XP level 4. HP: 23/31 MP: 4/4
  1937 | D:3      | Found a glowing silver altar of Zin.
  1947 | D:3      | Reached skill level 1 in Dodging
  2065 | D:3      | Slain by a gnoll

Vault maps used:
D:1:      evilmike_arrival_crescent, corexii_hall_statues_x,
          minmay_misc_feat_ornament, feat_on_display
D:2:      marbit_many_paths, first_bread
D:3:      vehumet_crystals, overflow_temple_1_default,
          lemuel_coloured_pillars_altar, yredelemnul_forgotten_temple_becter,
          uniq_iyjb, uniq_terence, uniq_crazy_yiuf_cottage

Skill      XL: |  1  2  3  4 |
---------------+-------------+-----
Fighting       | 3 |  3.1
Dodging        | 1 |  1.2
Long Blades    | |  2.4
Armour         | |  3.9
Shields        | |  3.7

Action                   |  1- 3 |  4- 6 || total
-------------------------+-------+-------++-------
Melee: Long sword        |    99 |    39 ||   138
  Use: Potion            |     2 |       ||     2
       Scroll            |       |     1 ||     1
  Eat: Chunk             |     2 |     2 ||     4
Armor: Scale mail        |    38 |    17 ||    55
Dodge: Dodged            |    44 |     9 ||    53
Block: Shield            |    64 |    25 ||    89
       Rpst.: Long sword |    11 |     2 ||    13
